 Dungeon Crawl Stone Soup version 0.18-a0-1507-g69458e0 (webtiles) character file.

155 GrosslyIncandescent the Insei (level 5, 0/41 HPs)
             Began as a Mummy Monk on Mar 5, 2016.
             Slain by a gnoll
             ... wielding a +0 halberd
              (6 damage)
             ... on level 3 of the Dungeon.
             The game lasted 00:04:10 (4124 turns).

GrosslyIncandescent the Insei (Mummy Monk)          Turns: 4124, Time: 00:04:11

Health: 0/41       AC:  1    Str: 14    XL:     5   Next: 14%
Magic:  5/5        EV: 13    Int: 10    God:
Gold:   116        SH:  0    Dex: 15    Spells: 0 memorised, 4 levels left

rFire  x . .     SeeInvis .       - Unarmed
rCold  + . .     Gourm    .     (no armour)
rNeg   + + +     Faith    .     (no shield)
rPois  ∞         Spirit   .     i - -1 helmet (curse)
rElec  .         Dismiss  .     (no cloak)
rCorr  .         Reflect  .     e - +0 pair of gloves
SustAt .         Harm     .     (no boots)
MR     .....                    (no amulet)
Stlth  ++........               (no ring)
                                (no ring)

@: not resistant to hostile enchantments, unstealthy
A: no food or potions, fire vulnerability, cold resistance 1, negative energy
resistance 3, torment resistance, unbreathing
a: no special abilities


You were on level 3 of the Dungeon.
You were not hungry.

You visited 1 branch of the dungeon, and saw 3 of its levels.

You collected 116 gold pieces.


Innate Abilities, Weirdness & Mutations

You do not eat or drink.
Your flesh is vulnerable to fire.
You are immune to poison.
Your flesh is cold resistant.
You are immune to negative energy.
You are immune to unholy pain and torment.
You can survive without breathing.


   Skills:
 - Level 3.0 Fighting
 - Level 2.4 Dodging
 - Level 1.5 Stealth
 + Level 5.3 Unarmed Combat


You had 4 spell levels left.
You didn't know any spells.

Inventory:

Armour
 a - a +0 robe {Blankie}
 e - a +0 pair of gloves (worn)
 i - a cursed -1 helmet (worn)
 j - a +0 robe {JJ}
Scrolls
 b - a scroll of enchant weapon {unknown}
 c - a scroll of enchant armour {unknown}
 d - a scroll of immolation {unknown}
 f - 5 scrolls of identify {unknown}
 g - a scroll of fog {unknown}
 h - a scroll of recharging {unknown}
Books
 k - Jessica's Catalogue of Stolen Souls

   Spells                             Type                      Level
   a - Sublimation of Blood           Necromancy                   2

Dungeon Overview and Level Annotations

Branches:
Dungeon (3/15)

Altars:
Zin

... ▒............ ...<
▒.... ▒▒▒▒..▒▒▒▒▒.. ....
▒.... ▒..▒▒...▒▒. .▒▒▒
▒.... ▒..▒.....▒. .▒
▒.... ▒▒..'.....▒. .▒
▒....▒▒▒▒▒▒...▒...!.▒.
.▒
▒...g▒........▒▒...▒▒.
.▒▒▒▒
▒▒▒...g▒.▒▒▒▒▒▒..▒▒▒▒▒..
.....
......†M.....▒▒▒........
..... ▒▒▒▒▒▒▒▒.▒▒▒.▒
......▒. ▒▒▒▒▒▒. ▒+▒
.▒▒▒▒.▒. ....... .. ....
▒▒▒▒▒▒▒ ▒▒▒▒▒▒▒.. ....
......▒.. ▒▒▒▒▒▒
▒▒▒▒▒▒....> .....[.
........... ....▒.▒
▒..▒▒▒▒▒..▒▒.


You could see 2 gnolls.


Message History

You closely miss the gnoll! You punch the gnoll!
The gnoll is moderately wounded!
The gnoll hits you!!!
The gnoll hits you from afar with a halberd!!! * * * don't die
* * * You are too injured to fight recklessly!!!
You are too injured to fight recklessly!!!
You are too injured to fight recklessly!!!
You are too injured to fight recklessly!!!
You are too injured to fight recklessly!!!
You are too injured to fight recklessly!!!
You are too injured to fight recklessly!!!
You are too injured to fight recklessly!!!
You are too injured to fight recklessly!!!
Unknown command!
You barely miss the gnoll!
The gnoll is moderately wounded!
The gnoll closely misses you! x2
You pulverise the gnoll but do no damage!
The gnoll is moderately wounded!
The gnoll barely misses you!
You barely miss the gnoll!
The gnoll is moderately wounded!
The gnoll hits you from afar with a halberd!!! * * * don't die
* * * The gnoll barely misses you!
You pulverise the gnoll!
The gnoll is severely wounded!
The gnoll hits you from afar with a halberd! rip

Action                   |  1- 3 |  4- 6 || total
-------------------------+-------+-------++-------
Melee: Unarmed           |   174 |    93 ||   267
 Stab: Sleeping          |     6 |     3 ||     9
       Distracted        |     1 |       ||     1

Vault maps used:
D:1:      minmay_arrival_three_doors
D:2:      zin_statuary, st_stairs_1, minmay_misc_feat_nine_boxes
D:3:      st_stairs_10, kennysheep_jessica_study, uniq_grinder, uniq_jessica,
          uniq_robin

Notes
Turn   | Place    | Note
--------------------------------------------------------------
     0 | D:1      | GrosslyIncandescent the Mummy Monk began the quest for the Orb.
     0 | D:1      | Reached XP level 1. HP: 18/18 MP: 1/1
   277 | D:1      | Reached XP level 2. HP: 9/24 MP: 2/2
  1016 | D:1      | Reached skill level 4 in Unarmed Combat
  1338 | D:1      | Reached XP level 3. HP: 21/29 MP: 3/3
  2846 | D:2      | Found a glowing silver altar of Zin.
  3147 | D:3      | Reached XP level 4. HP: 31/35 MP: 4/4
  3513 | D:3      | Reached skill level 5 in Unarmed Combat
  3526 | D:2      | that tree...
  3526 | D:2      | that stone...
  3526 | D:2      | that bog...
  4017 | D:3      | Noticed Jessica
  4026 | D:3      | Killed Jessica
  4026 | D:3      | Reached XP level 5. HP: 32/41 MP: 5/5
  4037 | D:3      | Identified Jessica's Catalogue of Stolen Souls
  4124 | D:3      | Slain by a gnoll

Vanquished Creatures
  Jessica (D:3)
  A hound zombie (D:3)
  A gnoll (D:3)
  3 adders
  An ooze (D:1)
  2 worms
  A dart slug (D:1)
  5 giant geckos
  2 orcs (D:3)
  7 bats
  8 giant cockroaches
  7 hobgoblins
  8 kobolds
  2 quokkas (D:3)
  4 giant newts
  2 goblins
  7 rats
62 creatures vanquished.
